Map: World of Sleepers LE

Players

Rod - Winner!

  • Race: Terran Terran
  • League: Platinum
  • Spawn Location: 1:00

pHARM

  • Race: Zerg Zerg
  • League: Platinum
  • Spawn Location: 7:00

VOD

Have the link to the VOD?

Description

Time

  • Played on: Aug. 24, 2019, 7:02 p.m.
  • Length: 41:03
Show
View Real Time Build Order
Export as new Build Order

Rod Terran - Winner!

Build Orders:  

Get SALT Encoding   

  12  0:01  SCV  
  13  0:13  SCV  
  14  0:20  Supply Depot  
  14  0:27  SCV  
  15  0:42  SCV  
  16  0:44  Barracks  
  16  0:49  Refinery  
  16  0:54  SCV  
  17  1:06  SCV  
  19  1:18  SCV  
  19  1:30  Marine  
  20  1:34  Orbital Command  
  20  1:41  Command Center  
  20  1:50  Marine  
  20  1:51  Supply Depot  
  21  2:00  SCV  
  22  2:12  SCV  
  22  2:14  Barracks Reactor  
  23  2:15  Factory  
  23  2:26  Bunker  
  24  2:30  SCV  
  24  2:42  SCV, Refinery  
  25  2:49  Marine  
  25  2:50  Marine  
  27  2:53  Orbital Command  
  27  2:54  SCV  
  27  3:11  Supply Depot  
  27  3:16  SCV  
  27  3:18  Factory Tech Lab  
  28  3:23  Starport  
  28  3:26  SCV  
  29  3:29  Marine x2, SCV  
  32  3:34  Supply Depot  
  32  3:37  Siege Tank  
  32  3:38  SCV  
  32  3:41  SCV  
  37  3:50  SCV  
  38  3:57  Supply Depot  
  38  4:00  SCV  
  39  4:09  SCV  
  40  4:13  SCV  
  40  4:14  Command Center  
  40  4:15  Starport Tech Lab  
  41  4:22  SCV, Fusion Core  
  42  4:25  SCV  
  42  4:27  Bunker  
  43  4:32  Marine x2  
  43  4:34  Widow Mine  
  47  4:44  SCV x2  
  49  4:56  SCV x2, Refinery  
  49  4:57  Refinery  
  51  5:12  SCV  
  51  5:13  SCV  
  53  5:20  Viking  
  55  5:24  SCV  
  55  5:25  SCV  
  57  5:28  Orbital Command  
  57  5:29  Engineering Bay  
  57  5:34  Marine x2  
  59  5:36  SCV  
  59  5:42  Factory  
  59  5:48  Siege Tank  
  62  5:50  Battlecruiser  
  62  5:52  Marine x2  
  70  6:05  Armory  
  70  6:10  Command Center  
  70  6:14  Hi-Sec Auto Tracking  
  70  6:15  Command Center  
  70  6:45  Hellion x2  
  74  6:47  SCV, Starport  
  74  6:48  SCV x2  
  77  6:59  SCV  
  77  7:00  SCV x2  
  80  7:06  Hellion x2  
  84  7:11  Neosteel Armor  
  84  7:22  Battlecruiser  
  90  7:23  Marine  
  90  7:25  Hellion  
  90  7:28  Hellion  
  95  7:41  Marine  
  96  7:46  Hellion  
  98  7:59  Marine  
  99  8:09  Siege Tank  
  102  8:21  Planetary Fortress  
  102  8:22  Missile Turret  
  102  8:23  Missile Turret  
  102  8:26  Battlecruiser  
  108  8:30  Starport Tech Lab  
  108  8:36  Command Center  
  108  8:38  Terran Vehicle Weapons Level 1  
  108  8:40  Armory  
  108  8:41  Siege Tank  
  108  8:43  Planetary Fortress  
  108  8:44  Missile Turret  
  108  8:47  SCV x3  
  114  8:59  SCV  
  114  9:01  Command Center, Missile Turret  
  115  9:10  Missile Turret  
  115  9:12  Refinery  
  115  9:14  Refinery  
  115  9:20  Supply Depot  
  115  9:31  Missile Turret  
  115  9:36  Supply Depot  
  115  9:37  Supply Depot  
  115  9:42  Terran Ship Weapons Level 1, SCV x5  
  115  9:43  Supply Depot  
  120  9:53  Orbital Command  
  120  9:54  SCV x5  
  120  9:58  Missile Turret  
  125  10:01  Supply Depot  
  125  10:06  SCV x3  
  128  10:09  Supply Depot  
  128  10:15  Command Center  
  128  10:29  Barracks Tech Lab  
  128  10:30  Battlecruiser  
  128  10:31  Siege Tank, Supply Depot, Battlecruiser  
  128  10:32  Hellion x2  
  147  10:37  Terran Vehicle And Ship Armor Level 1  
  147  10:45  Planetary Fortress  
  147  10:57  Refinery  
  147  10:58  Starport  
  147  10:59  Starport  
  147  11:00  Starport  
  147  11:01  Missile Turret  
  147  11:02  Starport, Refinery  
  147  11:03  Weapon Refit  
  147  11:04  Starport, Missile Turret  
  147  11:05  Missile Turret  
  147  11:31  Command Center  
  147  11:43  Factory  
  147  11:44  Factory  
  147  11:45  Starport Tech Lab  
  147  11:46  Starport Tech Lab x4  
  147  11:48  Hellion x2  
  147  11:49  Infernal Pre-Igniter  
  147  11:51  Terran Vehicle Weapons Level 2  
  151  12:02  Unknown, Planetary Fortress  
  151  12:09  Hellion x2  
  155  12:16  Missile Turret  
  155  12:19  Missile Turret  
  155  12:22  Missile Turret  
  155  12:23  Missile Turret  
  155  12:24  Battlecruiser x2  
  167  12:30  Terran Ship Weapons Level 2  
  167  12:31  Hellion  
  167  12:35  SCV  
  170  12:38  Factory Reactor  
  170  12:39  Factory Reactor  
  168  12:57  Battlecruiser x2  
  180  13:00  Hellion  
  181  13:21  Hellion  
  181  13:23  Battlecruiser x2  
  187  13:27  Stimpack  
  187  13:34  Planetary Fortress  
  187  13:43  Hellion  
  187  13:46  Battlecruiser  
  197  13:48  Hellion  
  197  13:49  Hellion  
  199  14:04  Missile Turret  
  199  14:07  Missile Turret  
  171  15:06  Battlecruiser  
  171  15:07  Battlecruiser x3  
  180  15:47  Terran Ship Weapons Level 3, Terran Vehicle And Ship Armor Level 2  
  168  16:37  Thor  
  172  16:52  Command Center  
  172  17:19  Thor  
  178  17:29  Hellion  
  186  17:30  Hellion x5  
  190  17:45  Command Center  
  190  17:47  Command Center  
  190  17:51  Hellion x5  
  200  18:07  Terran Vehicle Weapons Level 3  
  200  18:25  Terran Vehicle And Ship Armor Level 3  
  188  18:52  Planetary Fortress  
  188  18:55  Command Center x2  
  188  18:57  Missile Turret  
  188  18:59  Missile Turret  
  188  19:00  Missile Turret x2  
  188  19:01  Missile Turret  
  152  20:02  Battlecruiser x3  
  152  20:03  Battlecruiser x4  
  176  20:14  Planetary Fortress  
  176  20:15  Planetary Fortress  
  176  20:22  Unknown  
  176  20:27  Hellion x4  
  176  20:28  Hellion x3  
  190  20:48  Hellion x2  
  190  20:49  Hellion x2  
  172  22:02  Marine  
  172  22:03  Hellion x2  
  172  22:04  Hellion x5  
  172  22:05  Battlecruiser x2  
  191  22:24  Hellion  
  191  22:25  Hellion x2  
  197  22:33  Command Center  
  197  22:40  Missile Turret  
  197  23:11  Command Center  
  197  23:12  Command Center  
  197  23:13  Command Center, Missile Turret  
  197  23:16  Missile Turret  
  197  23:22  Barracks  
  180  24:22  Hellion x5  
  180  24:23  Hellion x2  
  192  24:28  Planetary Fortress x3  
  192  24:30  Refinery  
  184  24:33  Refinery  
  184  24:36  Missile Turret x2  
  184  24:43  Hellion x2  
  184  24:44  Hellion x5  
  198  24:45  Command Center  
  198  24:58  Missile Turret x2  
  198  25:05  Hellion  
  194  25:23  Missile Turret  
  186  26:00  Missile Turret  
  186  26:01  Missile Turret  
  186  26:02  Missile Turret  
  186  26:03  Missile Turret  
  186  26:06  Missile Turret x3  
  180  26:22  Planetary Fortress  
  180  26:33  Planetary Fortress  
  180  26:56  Command Center, Missile Turret  
  180  26:58  Missile Turret  
  180  27:00  Missile Turret  
  180  27:18  Missile Turret  
  180  27:23  Battlecruiser x3  
  190  28:07  Command Center  
  190  28:08  Planetary Fortress  
  184  28:18  Missile Turret  
  184  28:19  Missile Turret  
  182  28:21  Hellion, Missile Turret  
  182  28:22  Hellion x5  
  182  28:23  Hellion, Missile Turret  
  196  28:40  Missile Turret  
  196  28:43  Hellion x2  
  196  28:46  Command Center  
  187  29:24  Planetary Fortress  
  187  29:30  Unknown  
  187  29:34  Missile Turret  
  185  29:41  Command Center  
  183  29:59  Missile Turret  
  183  30:00  Planetary Fortress  
  183  30:11  Terran Infantry Weapons Level 1  
  183  30:19  Missile Turret  
  183  30:33  Barracks  
  183  30:34  Barracks x2  
  183  30:35  Barracks  
  183  30:36  Barracks x2  
  183  30:37  Barracks  
  183  30:38  Barracks, Engineering Bay  
  183  30:40  Combat Shield  
  183  31:03  Missile Turret  
  183  31:23  Missile Turret  
  182  31:41  Barracks Reactor x2, Barracks Tech Lab  
  182  31:42  Barracks Reactor x5  
  182  31:59  Concussive Shells  
  182  32:11  Terran Infantry Armor Level 1  
  182  32:12  Terran Infantry Weapons Level 2  
  182  32:17  Barracks Reactor  
  182  32:18  Barracks Reactor  
  182  32:22  Barracks Reactor  
  182  32:36  Marine  
  182  32:37  Marine x6  
  183  32:38  Marine x4  
  183  32:41  Command Center  
  183  32:42  Missile Turret  
  183  32:44  Missile Turret  
  193  32:45  Missile Turret  
  193  32:54  Marine x3  
  193  32:55  Marine x3  
  135  33:27  Marine x5  
  135  33:28  Marine x6  
  135  33:29  Marine  
  134  33:45  Marine x6  
  134  33:46  Marine  
  141  33:59  Marine x4  
  141  34:00  Marine x2  
  147  34:02  Marine  
  147  34:03  Marine x6  
  154  34:27  Marine x4, Marauder  
  154  34:28  Marine x6  
  154  34:29  Marine x2  
  168  34:45  Marine  
  169  34:48  Marauder  
  171  34:54  Marine x4  
  171  34:55  Marine x6  
  171  34:56  Marine  
  182  35:02  Marine  
  183  35:10  Marauder  
  183  35:12  Marine x4  
  153  36:35  Marine x6, Marauder  
  153  36:36  Marine x6  
  152  36:52  Marine  
  152  36:53  Marine x7  
  152  36:54  Marine x4  
  160  36:55  Command Center  
  160  36:56  Marine  
  160  36:57  Command Center  
  160  36:58  Command Center  
  160  37:00  Command Center  
  165  37:05  Terran Infantry Weapons Level 3  
  165  37:09  Terran Infantry Armor Level 2  
  148  37:52  Marine x4  
  148  37:53  Marine x5  
  148  37:54  Marine x4  
  148  37:58  Hellion x4  
  163  37:59  Hellion x3  
  169  38:09  Missile Turret  
  169  38:10  Marine x5  
  169  38:11  Marine x4  
  178  38:12  Missile Turret  
  178  38:13  Missile Turret  
  178  38:15  Missile Turret  
  178  38:19  Hellion x2  
  183  38:20  Command Center, Hellion x2  
  183  38:21  Command Center  
  183  38:22  Planetary Fortress, Missile Turret  
  183  38:23  Command Center, Planetary Fortress x3  
  183  38:24  Missile Turret  
  181  38:27  Missile Turret  
  179  38:44  Missile Turret  
  155  39:33  Marine x7  
  155  39:34  Marine x6  
  163  39:50  Marine  
  163  39:51  Marine x4  
  140  40:07  SCV x3  
  140  40:08  SCV x5  
  137  40:16  Planetary Fortress  
  137  40:20  Planetary Fortress  
  131  40:23  Planetary Fortress  
  131  40:27  SCV  
  132  40:39  SCV  
Show
View Real Time Build Order
Export as new Build Order

pHARM Zerg 

Build Orders: Hatch First 

Get SALT Encoding   

  12  0:01  Drone  
  13  0:14  Overlord  
  13  0:26  Drone  
  14  0:33  Drone x2  
  16  0:40  Drone  
  17  0:55  Hatchery  
  16  1:02  Drone x2  
  18  1:19  Spawning Pool, Drone  
  18  1:21  Drone  
  19  1:33  Drone  
  20  1:43  Overlord  
  20  1:52  Extractor  
  19  1:58  Drone  
  20  2:09  Overlord, Queen x2  
  20  2:11  Drone  
  25  2:24  Drone x2  
  27  2:33  Drone  
  27  2:34  Drone  
  29  2:54  Queen  
  31  3:03  Drone  
  31  3:04  Drone x4  
  36  3:08  Overlord  
  36  3:21  Lair  
  36  3:26  Drone  
  36  3:27  Drone x7  
  42  3:33  Overlord  
  44  3:41  Pneumatized Carapace  
  44  3:43  Extractor  
  44  3:44  Extractor  
  42  3:54  Evolution Chamber  
  41  3:57  Roach Warren  
  41  4:00  Baneling Nest  
  39  4:23  Drone x2  
  39  4:24  Drone x3  
  44  4:25  Overlord x2  
  44  4:29  Zerg Melee Weapons Level 1  
  44  4:35  Metabolic Boost  
  44  4:45  Drone x4  
  48  4:48  Zergling x4  
  50  5:30  Spore Crawler  
  50  5:32  Spore Crawler, Drone x3  
  51  6:02  Spore Crawler  
  48  6:12  Hatchery  
  47  6:23  Zerg Melee Weapons Level 2  
  47  6:30  Drone x3  
  50  6:38  Hydralisk Den  
  49  6:40  Overlord x4  
  49  6:41  Zergling x2  
  49  6:42  Zergling x4  
  52  7:11  Spore Crawler  
  45  7:24  Hydralisk x5  
  45  7:25  Hydralisk x5  
  45  7:27  Grooved Spines  
  65  7:48  Drone x8  
  69  8:17  Extractor  
  69  8:19  Extractor  
  67  8:24  Drone  
  67  8:25  Drone x8  
  76  8:47  Queen x3  
  82  8:54  Overlord x3, Spore Crawler  
  81  8:57  Spore Crawler  
  81  8:59  Spore Crawler  
  81  9:00  Muscular Augments  
  81  9:01  Zerg Ground Armor Level 1  
  79  9:09  Extractor  
  78  9:16  Infestation Pit  
  77  9:24  Hydralisk  
  77  9:25  Hydralisk x8  
  95  9:52  Overlord x2  
  95  10:01  Baneling x3  
  95  10:02  Baneling x3  
  95  10:03  Overseer  
  95  10:09  Hydralisk  
  95  10:10  Hydralisk x11  
  119  10:16  Drone  
  120  10:43  Overlord x4  
  120  10:50  Hatchery  
  119  11:00  Zerg Ground Armor Level 2  
  119  11:02  Hive  
  119  11:10  Overlord x2  
  119  11:12  Hydralisk  
  119  11:13  Hydralisk x10  
  141  11:50  Centrifical Hooks  
  141  12:12  Overlord x2  
  141  12:13  Overlord  
  141  12:20  Ultralisk Cavern, Drone x13  
  141  12:21  Drone x8  
  161  12:41  Overlord x2  
  161  13:03  Unknown  
  160  13:12  Ultralisk x6  
  196  13:16  Chitinous Plating, Zerg Melee Weapons Level 3  
  193  13:24  Queen  
  195  13:35  Spine Crawler  
  194  14:03  Zergling x12  
  200  14:24  Spire, Baneling  
  199  14:25  Baneling x11  
  199  14:27  Adrenal Glands  
  199  14:34  Anabolic Synthesis  
  198  14:52  Spine Crawler x2  
  181  15:39  Greater Spire  
  146  15:47  Corruptor x4  
  146  15:48  Corruptor x24  
  173  16:04  Spore Crawler  
  173  16:05  Spore Crawler  
  173  16:06  Spore Crawler x2  
  173  16:07  Spore Crawler  
  173  16:08  Spore Crawler x2  
  173  16:09  Spore Crawler  
  147  16:35  Drone x12  
  159  16:54  Zerg Flyer Armor Level 1  
  159  16:59  Zerg Ground Armor Level 3  
  153  17:27  Hatchery  
  152  18:02  Hydralisk x15  
  152  18:03  Hydralisk x9  
  188  19:18  Extractor  
  188  19:22  Extractor  
  113  20:04  Corruptor x4  
  113  20:05  Corruptor x24  
  113  20:06  Corruptor  
  117  20:27  Zerg Flyer Armor Level 2  
  117  20:38  Corruptor x2  
  117  20:39  Zergling x2  
  117  20:40  Zergling x42  
  117  20:41  Zergling x6  
  146  21:21  Zergling x2  
  146  21:22  Zergling x38  
  149  21:31  Corruptor x2  
  102  22:55  Corruptor  
  102  22:56  Corruptor x15  
  124  23:11  Roach x5  
  124  23:12  Hatchery  
  130  23:13  Extractor  
  130  23:14  Extractor  
  123  23:22  Zergling x20  
  123  23:23  Zergling x10  
  111  24:20  Zergling x40  
  121  24:41  Drone x7  
  113  25:39  Drone x11  
  113  25:40  Drone  
  125  25:46  Corruptor  
  125  25:49  Hatchery  
  111  26:24  Neural Parasite  
  111  26:39  Roach x10  
  131  26:43  Extractor  
  131  26:46  Extractor  
  129  27:11  Roach x3  
  129  27:12  Roach  
  137  27:24  Hatchery  
  135  27:43  Pathogen Glands  
  135  27:47  Glial Reconstitution  
  123  28:12  Drone x12  
  134  29:17  Corruptor x4  
  142  29:51  Infestor  
  134  30:11  Extractor  
  134  30:12  Extractor  
  134  30:14  Infestor  
  134  30:37  Zergling x34  
  134  30:38  Zergling x24  
  163  31:02  Infestor x2  
  167  31:10  Burrow  
  162  31:48  Infestor x2  
  162  31:49  Infestor  
  168  32:03  Infestor  
  170  32:19  Hatchery  
  169  32:33  Hatchery  
  168  32:41  Infestor x2  
  168  32:43  Zergling x2  
  168  32:44  Zergling x36  
  97  33:29  Infestor x4  
  97  33:31  Zergling x20  
  80  34:36  Corruptor x7  
  94  34:43  Drone x5  
  99  34:52  Zergling x8  
  103  35:27  Drone  
  103  35:28  Drone x12  
  116  35:45  Baneling x8  
  96  36:42  Drone x3  
  96  36:45  Hatchery  
  98  36:54  Zergling x18  
  107  37:11  Infestor x7  
  103  37:28  Zergling x10  
  103  37:29  Zergling x4  
  110  37:32  Baneling x2  
  82  38:00  Zergling x10  
  87  38:33  Hatchery  
  73  38:52  Zergling x14  
  73  38:53  Zergling x16  
  78  39:21  Ultralisk  
  78  39:22  Ultralisk  
  87  39:31  Baneling  
  87  39:32  Baneling x8  
  68  40:10  Ultralisk x2  
  80  40:24  Ultralisk  
Tags
 
Add a new tag
Caveats
  • Supply blocks, unpowered buildings, or Contaminate may cause inaccurate times.
  • Supply counts are checked every 10 seconds.